Map: King's Cove LE

Players

Gerald - Winner!

  • Race: Protoss Protoss
  • Spawn Location: 5:00

Kel

  • Race: Zerg Zerg
  • Spawn Location: 11:00

Event: 2019 WCS Spring

VOD

Have the link to the VOD?

Description

Time

  • Played on: May 17, 2019, 7:32 a.m.
  • Length: 3:37

All games in this series

Show
View Real Time Build Order
Export as new Build Order

Gerald Protoss - Winner!

Build Orders: 1 Gate Expand 

Get SALT Encoding   

  12  0:00  Probe  
  13  0:13  Probe  
  14  0:19  Pylon  
  14  0:25  Probe  
  15  0:33  Probe  
  15  0:41  Probe  
  16  0:43  Gateway  
  16  0:48  Assimilator  
  17  0:51  Probe  
  18  1:03  Probe  
  19  1:15  Probe  
  20  1:25  Nexus  
  20  1:36  Cybernetics Core  
  20  1:41  Zealot  
  22  1:49  Pylon  
  22  1:50  Probe  
  23  2:01  Gateway  
  23  2:02  Adept  
  23  2:07  Probe  
  25  2:27  Robotics Facility  
  25  2:30  Adept  
  27  2:38  Assimilator  
  27  2:42  Probe  
  25  2:59  Pylon, Adept  
  27  3:06  Cybernetics Core  
  25  3:13  Probe  
  26  3:22  Probe  
Show
View Real Time Build Order
Export as new Build Order

Kel Zerg 

Build Orders: 1 Base Baneling Bust, Pool Only 

Get SALT Encoding   

  12  0:00  Drone  
  13  0:09  Extractor  
  12  0:27  Spawning Pool  
  11  0:33  Drone  
  12  0:38  Drone  
  13  0:45  Drone  
  14  0:56  Overlord  
  14  1:15  Zergling x4  
  14  1:17  Zergling x2  
  17  1:20  Metabolic Boost  
  17  1:28  Zergling x2  
  18  1:38  Baneling Nest  
  17  1:40  Zergling x2  
  18  1:49  Zergling x2  
  19  1:59  Zergling x2  
  20  2:14  Queen  
  22  2:16  Overlord  
  22  2:33  Baneling x4  
  22  2:34  Baneling  
  22  2:36  Zergling x4  
  24  2:46  Zergling x2  
  24  2:50  Baneling  
  21  3:00  Zergling x2  
  22  3:07  Zergling x2  
  22  3:18  Zergling x2  
Tags
 
Add a new tag
Caveats
  • Supply blocks, unpowered buildings, or Contaminate may cause inaccurate times.
  • Supply counts are checked every 10 seconds.